[Event "Titled Tuesday Blitz July 4 Late 2023"]
[White "Shapiro, Viktor"]
[Black "Stoleriu, George"]
[WhiteFideId "4175700"]
[BlackFideId "1227505"]
[WhiteElo "2489"]
[BlackElo "2669"]
[Result "0-1"]
[Round "10"]
[TimeControl "180+2"]
[Date "2023.07.04"]
[WhiteClock "0:00:34"]
[BlackClock "0:00:33"]
[Board "40"]

1. Nf3 Nf6 2. g3 e6 3. Bg2 b6 4. O-O Bb7 5. d3 c5 6. c4 g6 7. Nc3 Bg7 8. a3 O-O 9. Rb1 Nc6 10. b4 cxb4 11. axb4 d5 12. c5 d4 13. Nb5 Nd5 14. Bd2 bxc5 15. bxc5 Ba6 16. Qa4 Bxb5 17. Qxb5 Qc7 18. e3 Rfb8 19. Qc4 dxe3 20. fxe3 a5 21. d4 Ndb4 22. Ng5 Rf8 23. Ne4 Rad8 24. Nd6 Nxd4 25. exd4 Rxd6 26. Bf4 Rxd4 27. Qxb4 Qxf4 28. Rxf4 axb4 29. Rxb4 Rd1+ 30. Rf1 Bd4+ 31. Kh1 Rxf1+ 32. Bxf1 Bxc5 33. Rc4 Be7 34. Rc7 Bf6 35. Bc4 Re8 36. Kg2 Re7 37. Rc6 Kg7 38. h4 Rd7 39. Kf3 h5 40. Ke2 Be5 41. Kf3 Ra7 42. Rb6 Ra4 43. Bb3 Rg4 44. Rb7 Rxg3+ 45. Kf2 Kf6 46. Ba4 Rc3 47. Be8 Rc7 48. Rb5 Rc8 49. Bd7 Rb8 50. Ra5 Rb4 0-1


[Site "https://www.chess.com"]

[Event "Titled Tuesday Blitz July 4 Late 2023"]
[White "Katz, Alexander"]
[Black "Taboas Rodriguez, Daniel"]
[WhiteFideId "2039796"]
[BlackFideId "2208466"]
[WhiteElo "2657"]
[BlackElo "2496"]
[Result "1-0"]
[Round "10"]
[TimeControl "180+2"]
[Date "2023.07.04"]
[WhiteClock "0:00:22"]
[BlackClock "0:01:06"]
[Board "41"]

1. e4 e5 2. Nf3 Nc6 3. Bc4 Nf6 4. d3 Bc5 5. c3 d6 6. Bb3 a6 7. Nbd2 Ba7 8. Nf1 Be6 9. Ng3 h6 10. O-O Qd7 11. d4 Bg4 12. Be3 Bxf3 13. Qxf3 exd4 14. cxd4 Nxd4 15. Bxd4 Bxd4 16. Nf5 Bxb2 17. Rab1 Be5 18. Nxg7+ Kd8 19. Nf5 Kc8 20. Qd3 Nh5 21. g3 Rg8 22. Kh1 Bg7 23. Bd5 Ra7 24. Rxb7 Rxb7 25. Qxa6 Qb5 26. Bxb7+ Qxb7 27. Ne7+ Kb8 28. Qxb7+ Kxb7 29. Rb1+ Ka6 30. Nxg8 c5 31. Ne7 c4 32. Nd5 Nf6 33. Nxf6 Bxf6 34. Kg2 c3 35. Kf1 Ka5 36. Ke2 Ka4 37. Rb3 Bd4 38. f4 Bg1 39. Rxc3 Bxh2 40. Kf2 Kb4 41. Rf3 1-0


[Site "https://www.chess.com"]

[Event "Titled Tuesday Blitz July 4 Late 2023"]
[White "Di Berardino, Diego Rafael"]
[Black "Philippe, Guillaume"]
[WhiteFideId "2105446"]
[BlackFideId "36048763"]
[WhiteElo "2625"]
[BlackElo "2485"]
[Result "1-0"]
[Round "10"]
[TimeControl "180+2"]
[Date "2023.07.04"]
[WhiteClock "0:01:04"]
[BlackClock "0:00:27"]
[Board "42"]

1. d4 Nf6 2. c4 e6 3. Nc3 d5 4. cxd5 exd5 5. Bg5 Bb4 6. e3 h6 7. Bxf6 Qxf6 8. Bd3 c6 9. Ne2 O-O 10. O-O Nd7 11. f3 Qe7 12. e4 dxe4 13. fxe4 Nf6 14. Bc2 Ng4 15. Qd3 Qg5 16. Rf3 Be6 17. h3 Nf6 18. e5 g6 19. Rxf6 Bf5 20. Ne4 Qh4 21. N2g3 Be6 22. Nd6 Bxd6 23. Rxg6+ Kh8 24. Rg8+ Kxg8 25. Qh7# 1-0


[Site "https://www.chess.com"]

[Event "Titled Tuesday Blitz July 4 Late 2023"]
[White "Gorovets, Andrey"]
[Black "Zhang, Derek"]
[WhiteFideId "13504037"]
[BlackFideId "2087871"]
[WhiteElo "2734"]
[BlackElo "2502"]
[Result "1-0"]
[Round "10"]
[TimeControl "180+2"]
[Date "2023.07.04"]
[WhiteClock "0:00:24"]
[BlackClock "0:00:00"]
[Board "43"]

1. Nf3 d6 2. d4 f5 3. c4 Nf6 4. g3 g6 5. b4 Bg7 6. Bb2 O-O 7. Bg2 c6 8. O-O Kh8 9. Qd3 Be6 10. Nbd2 Qc7 11. Rac1 Nbd7 12. Ng5 Bg8 13. e4 fxe4 14. Ndxe4 e5 15. d5 Nxe4 16. Qxe4 Nf6 17. Qd3 Rad8 18. Ne6 Bxe6 19. dxe6 Qe7 20. Bh3 g5 21. Bf5 h6 22. Rce1 Ne8 23. Qe4 Nc7 24. Qg4 Qf6 25. e7 Qxe7 26. f4 gxf4 27. gxf4 Bf6 28. Qh5 Rg8+ 29. Kh1 Qf8 30. c5 exf4 31. Re7 Rg5 32. Rh7+ Kg8 33. Rg1 1-0


[Site "https://www.chess.com"]

[Event "Titled Tuesday Blitz July 4 Late 2023"]
[White "Remolar Gallen, Jose"]
[Black "Ghazarian, Kirk"]
[WhiteFideId "2215187"]
[BlackFideId "30908604"]
[WhiteElo "2480"]
[BlackElo "2731"]
[Result "0-1"]
[Round "10"]
[TimeControl "180+2"]
[Date "2023.07.04"]
[WhiteClock "0:00:00"]
[BlackClock "0:00:53"]
[Board "44"]

1. e4 c5 2. Nf3 Nf6 3. e5 Nd5 4. Nc3 e6 5. d4 Nc6 6. Nxd5 exd5 7. c3 d6 8. Bb5 Bg4 9. h3 Bxf3 10. Qxf3 dxe5 11. dxe5 Be7 12. O-O O-O 13. Bf4 Qb6 14. Bxc6 bxc6 15. b3 a5 16. Rab1 Rfe8 17. Rfe1 Bf8 18. h4 Re6 19. h5 Rae8 20. Rbd1 f6 21. Qg3 Qc7 22. Qg4 fxe5 23. Bg3 Qf7 24. c4 R6e7 25. Re2 g6 26. hxg6 hxg6 27. Red2 d4 28. Re1 e4 29. Rde2 Qf5 30. Qh4 Rh7 31. Qf4 Qxf4 32. Bxf4 Rhe7 33. g4 Re6 34. Kg2 Kf7 35. Kg3 Bg7 36. Bc7 Be5+ 37. Bxe5 Rxe5 38. Kf4 g5+ 39. Kg3 Kg6 40. f4 gxf4+ 41. Kxf4 e3 42. a3 d3 43. Rxe3 d2 0-1


[Site "https://www.chess.com"]

[Event "Titled Tuesday Blitz July 4 Late 2023"]
[White "Shuvalova, Polina"]
[Black "Avila Rodriguez, Joshua Ad"]
[WhiteFideId "24171760"]
[BlackFideId "5126444"]
[WhiteElo "2673"]
[BlackElo "2479"]
[Result "1-0"]
[Round "10"]
[TimeControl "180+2"]
[Date "2023.07.04"]
[WhiteClock "0:01:40"]
[BlackClock "0:00:04"]
[Board "45"]

1. f4 d5 2. Nf3 Nf6 3. g3 g6 4. Bg2 Bg7 5. O-O O-O 6. d3 b6 7. Nbd2 Bb7 8. e4 dxe4 9. Ng5 Nbd7 10. Ndxe4 Nxe4 11. Nxe4 Qc8 12. Rb1 c5 13. Bd2 Nf6 14. Qe2 Nxe4 15. dxe4 Ba6 16. c4 Bd4+ 17. Kh1 e5 18. f5 Re8 19. Bh6 Qc6 20. b3 Bc8 21. Qg4 f6 22. Qh4 g5 23. Qh5 Bb7 24. h4 gxh4 25. Qg4+ 1-0


[Site "https://www.chess.com"]

[Event "Titled Tuesday Blitz July 4 Late 2023"]
[White "Balla, Tamas-Kristof"]
[Black "Aldokhin, Ivan"]
[WhiteFideId "1208497"]
[BlackFideId "24115720"]
[WhiteElo "2466"]
[BlackElo "2656"]
[Result "0-1"]
[Round "10"]
[TimeControl "180+2"]
[Date "2023.07.04"]
[WhiteClock "0:00:04"]
[BlackClock "0:00:06"]
[Board "46"]

1. e4 c5 2. Nf3 e6 3. c3 Nc6 4. d4 cxd4 5. cxd4 d5 6. e5 Nge7 7. a3 Nf5 8. Nc3 Be7 9. Be3 O-O 10. Bd3 f6 11. exf6 Bxf6 12. O-O Nxe3 13. fxe3 Bd7 14. Qe1 Bg5 15. Qe2 Bf6 16. Rae1 Qe7 17. Qf2 Be8 18. Qg3 Bh5 19. Qh3 Qe8 20. Ne2 h6 21. Nf4 Bf7 22. g4 e5 23. dxe5 Nxe5 24. Nxe5 Qxe5 25. Kh1 Bg5 26. Qg3 d4 27. h4 Bxf4 28. exf4 Qd6 29. g5 Rae8 30. Kh2 Rxe1 31. Rxe1 Bd5 32. Qg4 Rxf4 33. Re8+ Rf8+ 34. Qg3 Qxg3+ 0-1


[Site "https://www.chess.com"]

[Event "Titled Tuesday Blitz July 4 Late 2023"]
[White "benny_aizenberg"]
[Black "Ladan, Nicholas"]
[BlackFideId "30918855"]
[WhiteElo "2654"]
[BlackElo "2466"]
[Result "0-1"]
[Round "10"]
[TimeControl "180+2"]
[Date "2023.07.04"]
[WhiteClock "0:00:04"]
[BlackClock "0:00:14"]
[Board "47"]

1. g4 d5 2. g5 e5 3. h4 h6 4. g6 fxg6 5. d4 exd4 6. Qxd4 Nc6 7. Qe3+ Be7 8. Bh3 Nf6 9. Nf3 O-O 10. c3 Bxh3 11. Rxh3 Ng4 12. Qe6+ Kh7 13. Qxg4 Bc5 14. Nbd2 Qe7 15. Nb3 Rae8 16. e3 Bd6 17. Bd2 Rf4 18. Qg2 Ra4 19. a3 Qe4 20. Rc1 Ne5 21. Ke2 Qc4+ 22. Ke1 Qxb3 23. Nxe5 Rxe5 24. Rg3 Re6 25. Rg4 Rxg4 26. Qxg4 Re4 27. Qf3 Rxh4 28. c4 Rxc4 29. Bc3 Be5 30. Qxd5 Rxc3 31. Qd2 Rxc1+ 32. Qxc1 Bxb2 33. Qxc7 Qc3+ 34. Qxc3 Bxc3+ 35. Ke2 h5 36. Kd3 h4 37. Kxc3 h3 38. e4 h2 39. Kd4 h1=Q 40. f4 Kg8 41. Ke5 Kf7 42. a4 Qc1 43. Kd6 Qc6+ 44. Ke5 Qc5# 0-1


[Site "https://www.chess.com"]

[Event "Titled Tuesday Blitz July 4 Late 2023"]
[White "Karas, Marek"]
[Black "Domingo Nunez, Ruben"]
[WhiteFideId "14928558"]
[BlackFideId "22245570"]
[WhiteElo "2463"]
[BlackElo "2620"]
[Result "0-1"]
[Round "10"]
[TimeControl "180+2"]
[Date "2023.07.04"]
[WhiteClock "0:00:00"]
[BlackClock "0:01:09"]
[Board "48"]

1. d4 g6 2. h4 Nf6 3. Nc3 d6 4. e4 h6 5. f3 Bg7 6. Be3 a6 7. Qd2 b5 8. Nge2 Nbd7 9. a3 Nb6 10. Nc1 c6 11. Nb3 Nc4 12. Bxc4 bxc4 13. Nc1 Rb8 14. Rb1 d5 15. e5 Nd7 16. h5 g5 17. N1e2 Nf8 18. g4 f5 19. gxf5 Bxf5 20. Ng3 Bh7 21. f4 gxf4 22. Bxf4 Qd7 23. Qg2 Qg4 24. Rf1 Ne6 25. Be3 Nxd4 26. Bxd4 Qxd4 27. Nf5 Qxe5+ 28. Kd2 Bxf5 29. Rbe1 Qd4+ 30. Kc1 Rxb2 0-1


[Site "https://www.chess.com"]

[Event "Titled Tuesday Blitz July 4 Late 2023"]
[White "szachmistrz2500"]
[Black "Karttunen, Mika"]
[BlackFideId "502081"]
[WhiteElo "2460"]
[BlackElo "2603"]
[Result "0-1"]
[Round "10"]
[TimeControl "180+2"]
[Date "2023.07.04"]
[WhiteClock "0:00:00"]
[BlackClock "0:00:10"]
[Board "49"]

1. d4 Nf6 2. Nc3 d5 3. Bg5 e6 4. e4 h6 5. Bxf6 Qxf6 6. exd5 Bb4 7. dxe6 Bxe6 8. Nf3 Nc6 9. Bb5 O-O 10. O-O Bxc3 11. bxc3 Bg4 12. Be2 Rfe8 13. Rb1 b6 14. h3 Bh5 15. Re1 Re7 16. d5 Rd8 17. c4 Na5 18. Nd2 Bxe2 19. Rxe2 Rde8 20. Rxe7 Rxe7 21. Qf3 Qd4 22. Qd3 Qc5 23. Nb3 Qb4 24. c5 Nxb3 25. axb3 Qxc5 26. b4 Qd6 27. c4 g6 28. Qd4 Re2 29. c5 Qd7 30. d6 cxd6 31. cxd6 Re6 32. Rd1 h5 33. h4 Re8 34. g3 Rd8 35. Qd5 Rc8 36. b5 Rc5 37. Qa8+ Kg7 38. Ra1 Rxb5 39. Qb8 Rd5 40. Rxa7 Qxd6 41. Qxd6 Rxd6 42. Rb7 Kf6 43. Kf1 Re6 44. f3 Kg7 45. Kf2 Kf8 46. g4 Ke8 47. gxh5 gxh5 48. Kg3 Rg6+ 49. Kf4 Rf6+ 50. Kg5 Rxf3 51. Rxb6 Kf8 52. Rh6 Rg3+ 53. Kxh5 Kg7 54. Ra6 Rg1 55. Rb6 f5 0-1


[Site "https://www.chess.com"]

[Event "Titled Tuesday Blitz July 4 Late 2023"]
[White "Romero Ruscalleda, Josep"]
[Black "Vovk, Orest"]
[WhiteFideId "2231859"]
[BlackFideId "14113490"]
[WhiteElo "2446"]
[BlackElo "2588"]
[Result "1-0"]
[Round "10"]
[TimeControl "180+2"]
[Date "2023.07.04"]
[WhiteClock "0:00:07"]
[BlackClock "0:00:00"]
[Board "50"]

1. e4 g5 2. d4 g4 3. Nc3 Bg7 4. Be3 d6 5. Be2 h5 6. h3 Nf6 7. Qd2 c6 8. O-O-O Qa5 9. Kb1 b5 10. e5 dxe5 11. dxe5 Nfd7 12. e6 fxe6 13. Nd5 Qxd2 14. Nc7+ Kd8 15. Nxe6+ Ke8 16. Rxd2 Be5 17. Bd4 Bxd4 18. Rxd4 Na6 19. hxg4 Nf6 20. Ng7+ Kf7 21. Nxh5 Be6 22. g5 Nd5 23. Bd3 Rag8 24. g6+ Ke8 25. Ng7+ Kd7 26. Rxh8 Rxh8 27. Nxe6 Rh1 28. Bf1 Kxe6 29. c4 bxc4 30. Bxc4 Rxg1+ 31. Kc2 Nb4+ 32. Kb3 Rxg2 33. a3 Rxg6 34. axb4 Rf6 35. Rd2 Rf3+ 36. Ka4 Kd6 37. b3 e6 38. b5 c5 39. Ka5 Ke5 40. Re2+ Kd6 41. Ka6 Rf7 42. Rd2 Ke5 43. Re2+ Kd6 44. Rd2 Ke5 45. Bxd5 exd5 46. Rc2 Kd6 47. b6 axb6 48. Kxb6 d4 49. Kb5 Rf3 50. b4 1-0


[Site "https://www.chess.com"]

[Event "Titled Tuesday Blitz July 4 Late 2023"]
[White "Sargsyan, Anna M."]
[Black "texie1"]
[WhiteFideId "13308130"]
[WhiteElo "2581"]
[BlackElo "2442"]
[Result "1-0"]
[Round "10"]
[TimeControl "180+2"]
[Date "2023.07.04"]
[WhiteClock "0:02:05"]
[BlackClock "0:00:59"]
[Board "51"]

1. d4 d5 2. c4 e6 3. Nc3 Be7 4. Nf3 Nf6 5. Bf4 O-O 6. e3 b6 7. cxd5 exd5 8. Bd3 Bg4 9. O-O c5 10. dxc5 bxc5 11. h3 Bh5 12. Be2 Nc6 13. Rc1 Qd7 14. Na4 c4 15. b3 cxb3 16. axb3 Rfc8 17. Ba6 Ne4 18. Bxc8 Rxc8 19. Ne5 Nxe5 20. Rxc8+ Qxc8 21. Qxh5 Ng6 22. Qxd5 Nf6 23. Qc4 Qb7 24. Rc1 h6 25. Qc8+ Qxc8 26. Rxc8+ Kh7 27. Rc7 a5 28. Ra7 Nxf4 29. exf4 Bb4 30. Nb6 Kg6 31. Nc4 Nd5 32. g3 Nc3 33. Nxa5 Ne4 34. Kg2 Nxf2 35. Ra6+ f6 36. Kxf2 1-0


[Site "https://www.chess.com"]

[Event "Titled Tuesday Blitz July 4 Late 2023"]
[White "Castella Garcia, Fausto"]
[Black "Yurovskykh, Oleksandr"]
[WhiteFideId "3501922"]
[BlackFideId "14134020"]
[WhiteElo "2430"]
[BlackElo "2564"]
[Result "0-1"]
[Round "10"]
[TimeControl "180+2"]
[Date "2023.07.04"]
[WhiteClock "0:00:00"]
[BlackClock "0:00:15"]
[Board "52"]

1. e4 e6 2. Nf3 d5 3. e5 c5 4. b4 cxb4 5. d4 Nc6 6. a3 bxa3 7. c3 Bd7 8. Bd3 h6 9. O-O a6 10. Bxa3 Bxa3 11. Nxa3 Nge7 12. Nd2 O-O 13. f4 b5 14. Nc2 Qc7 15. Ne3 b4 16. Rc1 bxc3 17. Rxc3 Qa7 18. Nb3 Kh8 19. Nc5 Nxd4 20. Bb1 Ndf5 21. Nxf5 exf5 22. Kh1 Bb5 23. Re1 Rac8 24. Qd4 Rc7 25. e6 f6 26. Rec1 Rfc8 27. Qb4 Nc6 28. Qb2 d4 29. Ra3 Ne7 30. Nb3 Rxc1+ 31. Nxc1 Qc5 32. Na2 Qc4 33. Rf3 Qxe6 34. h3 Nc6 35. Nb4 Nxb4 36. Qxb4 Rd8 37. Qd2 g6 38. Rg3 Kh7 39. h4 h5 40. Ra3 Qd6 41. Rb3 d3 42. Rb4 Qc5 43. Rb2 Re8 0-1


[Site "https://www.chess.com"]

[Event "Titled Tuesday Blitz July 4 Late 2023"]
[White "Bruedigam, Martin"]
[Black "Urbina Perez, Juan Antonio"]
[WhiteFideId "24608033"]
[BlackFideId "2217368"]
[WhiteElo "2557"]
[BlackElo "2422"]
[Result "1/2-1/2"]
[Round "10"]
[TimeControl "180+2"]
[Date "2023.07.04"]
[WhiteClock "0:00:10"]
[BlackClock "0:00:12"]
[Board "53"]

1. c4 c6 2. d4 d5 3. Nf3 Nf6 4. e3 Bf5 5. Qb3 Qb6 6. c5 Qxb3 7. axb3 Nbd7 8. b4 Bxb1 9. Rxb1 a6 10. Nd2 g6 11. Ra1 Rb8 12. Nb3 Bh6 13. Bd2 e5 14. Bc3 Ne4 15. Bd3 Nxc3 16. bxc3 O-O 17. Na5 exd4 18. exd4 Rfe8+ 19. Kd1 Bg5 20. Re1 Rxe1+ 21. Kxe1 Bd8 22. Nxc6 bxc6 23. Rxa6 Nf8 24. Rxc6 Rb7 25. Kd1 Be7 26. Ra6 Ne6 27. c6 Rb8 28. b5 Bd8 29. Kc2 Kf8 30. Kb3 Rb6 31. Ra7 Bc7 32. g3 Ke7 33. Ka4 Kd6 34. Bf1 f5 35. Kb4 Ng5 36. Bg2 Nf7 37. c4 dxc4 38. Kxc4 Ng5 39. Bd5 Rb8 40. Ra1 Re8 41. f4 Ne6 42. Ra6 Rb8 43. Bxe6 Kxe6 44. Ra1 Kd6 45. Rb1 Bb6 46. Ra1 Bc7 47. Ra7 Rb6 48. d5 Rb8 49. Rb7 Rxb7 50. cxb7 Bb8 51. b6 Kd7 52. Kc5 Bd6+ 53. Kb5 Bb8 54. Kc5 Bd6+ 55. Kd4 Bb8 56. h3 Kd6 57. g4 fxg4 58. hxg4 h5 59. gxh5 gxh5 60. Ke4 h4 61. f5 h3 62. Kf3 Kxd5 63. f6 Ke6 64. f7 Kxf7 65. Kf2 Bh2 66. b8=Q Bxb8 67. Kg1 h2+ 68. Kh1 Ke7 69. Kg2 Ke6 70. Kh1 Kd5 71. Kg2 Kc6 72. Kh1 Kb7 73. Kg2 Kxb6 74. Kh1 Kc6 75. Kg2 Kb6 76. Kh1 Kc6 77. Kg2 Kb6 1/2-1/2


[Site "https://www.chess.com"]

[Event "Titled Tuesday Blitz July 4 Late 2023"]
[White "micke12a"]
[Black "Tikhonov, Viacheslav"]
[BlackFideId "44196407"]
[WhiteElo "2397"]
[BlackElo "2550"]
[Result "1-0"]
[Round "10"]
[TimeControl "180+2"]
[Date "2023.07.04"]
[WhiteClock "0:00:04"]
[BlackClock "0:01:20"]
[Board "54"]

1. d4 d5 2. Nf3 Nf6 3. c4 e6 4. Nc3 c5 5. cxd5 exd5 6. e3 Nc6 7. Bb5 Bd6 8. dxc5 Bxc5 9. O-O O-O 10. b3 Bg4 11. Be2 Bd6 12. h3 Bh5 13. Bb2 a6 14. Rc1 Bc7 15. Na4 Qd6 16. g3 Ne4 17. Qe1 Rac8 18. Nd4 Bxe2 19. Qxe2 Nxg3 20. fxg3 Qxg3+ 21. Qg2 Qxe3+ 22. Qf2 Qxh3 23. Nf5 d4 24. Qg2 Qxg2+ 25. Kxg2 Be5 26. Rxc6 bxc6 27. Ne7+ Kh8 28. Nxc8 Rxc8 29. Rxf7 h6 30. Nb6 Rd8 31. Nd7 d3 32. Nxe5 d2 33. Ng6+ Kh7 34. Rxg7# 1-0


[Site "https://www.chess.com"]

[Event "Titled Tuesday Blitz July 4 Late 2023"]
[White "Ambartsumova, Karina"]
[Black "ElenGajger"]
[WhiteFideId "4166299"]
[WhiteElo "2548"]
[BlackElo "2395"]
[Result "0-1"]
[Round "10"]
[TimeControl "180+2"]
[Date "2023.07.04"]
[WhiteClock "0:00:00"]
[BlackClock "0:00:41"]
[Board "55"]

1. Nf3 Nf6 2. d4 g6 3. c4 Bg7 4. Nc3 d5 5. cxd5 Nxd5 6. e4 Nxc3 7. bxc3 c5 8. Be2 O-O 9. O-O b6 10. Be3 Nc6 11. d5 Na5 12. Rc1 e6 13. c4 exd5 14. exd5 Re8 15. Qd2 Ba6 16. Rfe1 Qf6 17. Bg5 Qb2 18. Rc2 Qb4 19. Qxb4 cxb4 20. Bd2 Bf8 21. Nd4 Rac8 22. Be3 Nxc4 23. Bxc4 Rxc4 24. Rec1 Rc5 25. Nb3 Rxd5 26. Rc7 Re7 27. h4 Rxc7 28. Rxc7 Rd1+ 29. Kh2 Bd6+ 0-1


[Site "https://www.chess.com"]

[Event "Titled Tuesday Blitz July 4 Late 2023"]
[White "Petesch, Gabriel"]
[Black "Eggleston, Thomas A"]
[WhiteFideId "2032465"]
[BlackFideId "412139"]
[WhiteElo "2541"]
[BlackElo "2372"]
[Result "1-0"]
[Round "10"]
[TimeControl "180+2"]
[Date "2023.07.04"]
[WhiteClock "0:00:13"]
[BlackClock "0:00:00"]
[Board "56"]

1. e4 e6 2. Nc3 d5 3. Nf3 c5 4. exd5 exd5 5. d4 Be6 6. Bb5+ Nc6 7. dxc5 Bxc5 8. Nd4 Rc8 9. O-O Nf6 10. Bf4 O-O 11. Nxc6 bxc6 12. Ba6 Rb8 13. Bxb8 Qxb8 14. Be2 Bd6 15. g3 Bh3 16. Re1 Qxb2 17. Na4 Qb8 18. Rb1 Qc7 19. c4 Be5 20. cxd5 cxd5 21. Bf3 Rd8 22. Qd3 g6 23. Rbc1 Qa5 24. Nc3 Bf5 25. Qd2 Bd6 26. Qd4 Ne4 27. Nxd5 Bc5 28. Nf6+ Kg7 29. Nh5+ 1-0


[Site "https://www.chess.com"]

[Event "Titled Tuesday Blitz July 4 Late 2023"]
[White "Taranenko, Evgueniy"]
[Black "Bilan, Danila"]
[WhiteFideId "14122138"]
[BlackFideId "24161918"]
[WhiteElo "2402"]
[BlackElo "2529"]
[Result "1-0"]
[Round "10"]
[TimeControl "180+2"]
[Date "2023.07.04"]
[WhiteClock "0:00:21"]
[BlackClock "0:00:03"]
[Board "57"]

1. e4 c6 2. d4 d5 3. e5 c5 4. dxc5 e6 5. a3 Bxc5 6. b4 Be7 7. c4 a5 8. cxd5 exd5 9. b5 Be6 10. Nf3 Nd7 11. Bd3 Nc5 12. O-O Nh6 13. Bxh6 gxh6 14. Nd4 Qc7 15. f4 Nxd3 16. Qxd3 Qc4 17. Qxc4 dxc4 18. Nxe6 fxe6 19. Nd2 c3 20. Ne4 Rc8 21. Rfc1 Rc4 22. Nxc3 Rxf4 23. Ne2 Re4 24. Rc8+ Bd8 25. Nc3 Rxe5 26. Kh1 O-O 27. Rb8 Rc5 28. Ne4 Rxb5 29. g3 Re5 30. Re1 b5 31. Re2 Be7 32. Rb7 Rf7 33. Rxe7 Rxe7 34. Nf6+ Kg7 35. Rxe5 Kxf6 36. Rxb5 Ra7 37. a4 Ra6 38. Kg2 Rd6 39. Rxa5 Rd2+ 40. Kh3 Ra2 41. Ra8 e5 42. a5 e4 43. Kg4 Rxh2 44. Kf4 Rg2 45. a6 e3 46. a7 Ra2 47. Rf8+ Kg7 48. a8=Q Rxa8 49. Rxa8 e2 50. Re8 e1=Q 51. Rxe1 1-0


[Site "https://www.chess.com"]

[Event "Titled Tuesday Blitz July 4 Late 2023"]
[White "Moral Garcia, Serafin"]
[Black "el_sporco"]
[WhiteFideId "2201925"]
[WhiteElo "2529"]
[BlackElo "2369"]
[Result "1-0"]
[Round "10"]
[TimeControl "180+2"]
[Date "2023.07.04"]
[WhiteClock "0:00:57"]
[BlackClock "0:00:00"]
[Board "58"]

1. c4 e6 2. Nf3 Nf6 3. b3 d5 4. Bb2 Be7 5. e3 O-O 6. Nc3 c5 7. cxd5 Nxd5 8. Qc2 Nc6 9. a3 b6 10. Bd3 f5 11. Bc4 Bf6 12. O-O-O Bb7 13. Kb1 a6 14. Ne2 Bxb2 15. Qxb2 b5 16. Bxd5 exd5 17. d4 c4 18. Nf4 Re8 19. h4 cxb3 20. Qxb3 Na5 21. Qb4 Rc8 22. Rc1 Nc4 23. Nd3 a5 24. Qb3 Qd6 25. Ka2 b4 26. axb4 axb4 27. Qxb4 Ra8+ 28. Kb3 Qd7 29. Ra1 Rab8 30. Kc2 Rec8 31. Kd1 Nd6 32. Nc5 Qe8 33. Ne5 Ne4 34. Nxe4 fxe4 35. Kd2 Rc7 36. Rhc1 Re7 37. Qb3 Qf8 38. Ke1 Kh8 39. Ra7 Bc6 40. Qa3 Rxa7 41. Qxa7 Qb4+ 42. Kf1 Be8 43. Kg1 Qb2 44. Rc7 h5 45. Rxg7 1-0


[Site "https://www.chess.com"]

[Event "Titled Tuesday Blitz July 4 Late 2023"]
[White "Hajiyev, Kanan"]
[Black "Gardezi, Arsal"]
[WhiteFideId "13404148"]
[BlackFideId "30949521"]
[WhiteElo "2520"]
[BlackElo "2259"]
[Result "1-0"]
[Round "10"]
[TimeControl "180+2"]
[Date "2023.07.04"]
[WhiteClock "0:00:11"]
[BlackClock "0:00:00"]
[Board "59"]

1. d4 Nf6 2. c4 e6 3. Nf3 d5 4. cxd5 exd5 5. Nc3 Bf5 6. Bg5 c6 7. e3 Nbd7 8. Nh4 Bg6 9. Nxg6 hxg6 10. Bd3 Bd6 11. Qc2 Qc7 12. h4 O-O-O 13. O-O-O Rde8 14. Kb1 Ng4 15. Rc1 f6 16. Bxg6 fxg5 17. Bxe8 Rxe8 18. hxg5 Rf8 19. Rcf1 Qd8 20. Qg6 Nxf2 21. Qxd6 Nxh1 22. Rxh1 Qxg5 23. Rc1 Rf6 24. Qe7 Qg6+ 25. Ka1 Re6 26. Qa3 Kb8 27. Ne2 Qe4 28. Nf4 Qxe3 29. Qxe3 Rxe3 30. Rd1 Nf6 31. Kb1 Re4 32. Nh3 Rg4 33. Rd2 Ne4 34. Re2 Kc7 35. Kc2 Ng3 36. Rd2 Nf5 37. Kc3 Rg3+ 38. Kb4 Rg4 39. Kc3 Ne3 40. Kd3 Nxg2 41. Nf2 Rg3+ 42. Ke2 Nf4+ 43. Kf1 Ne6 44. Ke2 Ng5 45. Rd1 Rg2 46. Ke3 Ne6 47. Kf3 Rg6 48. Ke3 Rf6 49. Ng4 Rf5 50. Ne5 g5 51. Rh1 c5 52. Rh7+ Kc8 53. Rh8+ Kc7 54. Rh7+ Kb6 55. Nd7+ Kc6 56. Ne5+ Kb5 57. Nf3 cxd4+ 58. Nxd4+ Nxd4 59. Kxd4 b6 60. Rxa7 1-0


[Site "https://www.chess.com"]

[Event "Titled Tuesday Blitz July 4 Late 2023"]
[White "kripri"]
[Black "Guerra Tulcan, Lenin"]
[BlackFideId "3601382"]
[WhiteElo "2356"]
[BlackElo "2642"]
[Result "1-0"]
[Round "10"]
[TimeControl "180+2"]
[Date "2023.07.04"]
[WhiteClock "0:00:23"]
[BlackClock "0:00:52"]
[Board "60"]

1. d4 Nf6 2. Bf4 e6 3. e3 c5 4. c3 b6 5. Nf3 Bb7 6. Nbd2 Be7 7. h3 O-O 8. Bd3 d5 9. Ne5 Nbd7 10. g4 Ne4 11. Nxe4 dxe4 12. Be2 f6 13. Nc4 cxd4 14. exd4 e3 15. O-O exf2+ 16. Rxf2 Bd5 17. Ne3 Rc8 18. Nxd5 exd5 19. Qb3 Nb8 20. Bf3 Kh8 21. Qxd5 Qxd5 22. Bxd5 Rfd8 23. Bb7 Rc4 24. Re1 Bf8 25. Rfe2 g5 26. Re8 Rxe8 27. Rxe8 Nd7 28. Bd6 Kg7 29. Bxf8+ Nxf8 30. Re7+ Kh8 31. Bd5 Ra4 32. Rf7 Ng6 33. Rxf6 Nf4 34. Bb3 Ra5 35. Kh2 Kg7 36. Rf7+ Kg6 37. h4 Rb5 38. h5+ Kh6 39. Bc2 Ng6 40. hxg6 hxg6 41. Rf2 Rxb2 42. Kg3 Rxa2 43. Be4 Ra3 44. Rf3 b5 45. d5 Ra6 46. Rd3 Rd6 47. Kf3 Kg7 48. Ke3 Kf6 49. Kd4 a6 50. Rf3+ Ke7 51. Ke5 a5 52. Rf7+ Kxf7 53. Kxd6 b4 54. cxb4 axb4 55. Bc2 Ke8 56. Kc7 1-0


[Site "https://www.chess.com"]

[Event "Titled Tuesday Blitz July 4 Late 2023"]
[White "Moksh Amit Doshi"]
[Black "Kielinkei"]
[WhiteFideId "25064967"]
[WhiteElo "2581"]
[BlackElo "2425"]
[Result "1-0"]
[Round "10"]
[TimeControl "180+2"]
[Date "2023.07.04"]
[WhiteClock "0:01:18"]
[BlackClock "0:00:04"]
[Board "61"]

1. e4 c5 2. Nf3 e6 3. d4 cxd4 4. Nxd4 Nc6 5. Nc3 Qc7 6. g3 a6 7. Bg2 Nf6 8. O-O Bc5 9. Nxc6 bxc6 10. Bg5 O-O 11. Bxf6 gxf6 12. Qg4+ Kh8 13. Qh4 Qe5 14. Kh1 Qg5 15. Qh3 Rg8 16. f4 Qg4 17. Qxg4 Rxg4 18. e5 Bd4 19. Ne4 fxe5 20. c3 f5 21. Nd6 Bc5 22. Nf7+ Kg7 23. Nxe5 Rb8 24. Nxg4 fxg4 25. b4 Be7 26. Rfd1 d5 27. Bf1 Bf6 28. Rac1 a5 29. bxa5 Rb2 30. a6 Rxa2 31. Ra1 Rf2 32. a7 Bb7 33. a8=Q Bxa8 34. Rxa8 Bxc3 35. Rc8 Bf6 36. Rxc6 Kf7 37. Rc7+ Kg6 38. Re1 d4 39. Bd3+ Kh6 40. Rxh7# 1-0


[Site "https://www.chess.com"]

[Event "Titled Tuesday Blitz July 4 Late 2023"]
[White "Jaskolka, Tomasz"]
[Black "Lalanne, Pablo"]
[WhiteFideId "1170791"]
[BlackFideId "112151"]
[WhiteElo "2562"]
[BlackElo "2435"]
[Result "1-0"]
[Round "10"]
[TimeControl "180+2"]
[Date "2023.07.04"]
[WhiteClock "0:00:56"]
[BlackClock "0:00:24"]
[Board "62"]

1. d4 d5 2. Nc3 Nf6 3. Bf4 a6 4. e3 e6 5. g4 h6 6. h4 c5 7. Bg2 Nc6 8. g5 hxg5 9. hxg5 Rxh1 10. Bxh1 Nd7 11. Nf3 g6 12. Qd2 cxd4 13. exd4 Bg7 14. O-O-O Nb6 15. Re1 Kf8 16. Ne5 Nxe5 17. Bxe5 Nc4 18. Bxg7+ Kxg7 19. Qf4 Bd7 20. Nxd5 exd5 21. Bxd5 Be6 22. Bxe6 fxe6 23. Rxe6 Qf8 24. Qc7+ Kh8 25. Rxg6 Re8 26. Qh2+ 1-0


[Site "https://www.chess.com"]